 Dungeon Crawl Stone Soup version 0.20-a0-754-g13ddd6e (webtiles) character file.

2268 Nigilith the Slasher (level 9, -6/63 HPs)
             Began as a Demonspawn Fighter on Feb 25, 2017.
             Mangled by an eight-headed hydra (9 damage)
             ... on level 7 of the Dungeon.
             The game lasted 00:28:25 (8247 turns).

Nigilith the Slasher (Demonspawn Fighter)           Turns: 8247, Time: 00:28:27

Health: -6/63      AC:  7    Str: 17 (18) XL:     9   Next: 16%
Magic:  0/9        EV: 10    Int:  9 (10) God:
Gold:   262        SH:  4    Dex: 11 (14) Spells: 8/8 levels left

rFire    . . .     SeeInvis .   A - +5 short sword (speed)
rCold    . . .     Gourm    .   B - +0 leather armour
rNeg     . . .     Faith    .   D - +0 buckler
rPois    .         Spirit   +   (helmet restricted)
rElec    .         Reflect  .   E - +1 cloak
rCorr    .         Harm     .   (no gloves)
MR       .....                  (no boots)
Stlth    ++++......             (no amulet)
Regen    0.2/turn               (no ring)
MPRegen  0.2/turn               (no ring)

@: no status effects
A: horns 1, talons 2, thin metallic scales 1, blurry vision 1, nightstalker 1,
magic shield
a: no special abilities


You were on level 7 of the Dungeon.
You were not hungry.

You visited 2 branches of the dungeon, and saw 8 of its levels.

You collected 262 gold pieces.

Inventory:

Hand Weapons
 a - a +0 long sword
 A - a +5 short sword of speed (weapon)
 J - a +3 dagger
Missiles
 d - 8 silver javelins (quivered)
 C - 104 arrows
Armour
 b - a +0 scale mail
 c - a +0 shield
 t - a +0 cloak
 y - a +0 helmet
 B - a +0 leather armour (worn)
 D - a +0 buckler (worn)
 E - a +1 cloak (worn)
Jewellery
 i - a cursed -3 ring of dexterity {unknown}
 n - an uncursed ring of fire {unknown}
Wands
 H - a wand of flame (11/48)
 I - a wand of confusion (12/48)
 K - a wand of random effects (45/48)
Scrolls
 g - a scroll of blinking
 h - a scroll of enchant weapon
 k - a scroll of remove curse
 m - 6 scrolls of identify
 s - a scroll of recharging
Potions
 j - 3 potions of flight
 p - a potion of resistance
 u - a potion of curing
 v - a potion of brilliance {unknown}
 F - a potion of heal wounds {unknown}
 G - a potion of lignification
Books
 w - a book of Necromancy

   Spells                             Type                      Level
   a - Pain                           Necromancy                   1
   b - Animate Skeleton               Necromancy                   1
   c - Vampiric Draining              Necromancy                   3
   d - Regeneration                   Charms/Necromancy            3
   e - Animate Dead                   Necromancy                   4
   f - Control Undead                 Necromancy                   4
 z - a book of Cantrips

   Spells                             Type                      Level
   a - Confusing Touch                Hexes                        1
   b - Animate Skeleton               Necromancy                   1
   c - Summon Small Mammal            Summoning                    1
   d - Apportation                    Translocation                1
Comestibles
 f - 6 bread rations
 l - 2 chunks of flesh
 r - a meat ration


   Skills:
 - Level 3.0 Fighting
 * Level 7.1(8.5) Short Blades
 - Level 7.2(8.5) Long Blades
 - Level 2.6 Armour
 + Level 5.2 Stealth
 - Level 2.6 Shields


You had 8 spell levels left.
You didn't know any spells.

Dungeon Overview and Level Annotations

Branches:
Dungeon (7/15)             Temple (1/1) D:6

Altars:
Ashenzari
Cheibriados
Fedhas
Gozag
Hepliaklqana
Kikubaaqudgha
Makhleb
Nemelex Xobeh
Okawaru
Qazlal
Ru
Sif Muna
Uskayaw
Vehumet
Wu Jian
Xom
Yredelemnul
Zin
The Shining One


Innate Abilities, Weirdness & Mutations

You have razor-sharp toenails.
You are partially covered in thin metallic scales. (AC +2)
You are slightly more attuned to the shadows.
When hurt, damage is shared between your health and your magic reserves.
You have a pair of small horns on your head.
Scrolls take you a little longer to read.


Message History

The eight-headed hydra closely misses you.
The eight-headed hydra barely misses you.
The eight-headed hydra bites you. x2
You block the eight-headed hydra's attack.
The eight-headed hydra bites you! x3
The eight-headed hydra barely misses you. x2
The eight-headed hydra bites you but does no damage. x2
The eight-headed hydra bites you!
* * * LOW HITPOINT WARNING * * *
Evoke which item? (* to show all) (? for menu, Esc to quit)
Aiming: Confuse (will waste charges)
Press: ? - help, Shift-Dir - straight line, f/p - eight-headed hydra
Aim: an eight-headed hydra (lightly wounded, fast, chance to defeat MR: 15%)
The eight-headed hydra resists with almost no effort.
Evoking this partially-identified wand wasted a few charges.
The eight-headed hydra bites you!
* * * LOW HITPOINT WARNING * * *
The eight-headed hydra bites you but does no damage.
The eight-headed hydra bites you!
You die...

#.#
#.....#........#........#≈
#.##
#.....#........##.####..#≈
#..# #######.##.)[..##.#
#..#≈ ##.# #.##..#.###.#
#..#≈ #.# #.##..#.###.#
#..## #.### #...>.......#
#..# #...# ########.########
#..# ###.#
#......#........#####.## #.#
#.#...D@..##............
#.###.#.##.##.#...#.#..##.##
#..##.#...#...)...##
#.####.##.##.##.#..##.##
#...)..##.......#..##.##
############............
#.########.## #.# #.#


You could see an eight-headed hydra.

Vanquished Creatures
  The ghost of Yehuk the Covert, a novice VSAs (D:6)
  Edmund (D:4)
  2 ice beasts
  4 ogres
  A sky beast (D:6)
  4 centaurs
  A bullfrog (D:7)
  4 scorpions
  A crimson imp (D:6)
  A quasit (D:5)
  A bullfrog zombie (D:5)
  3 hounds
  2 jellies
  2 orc wizards (D:7)
  An iguana (D:4)
  4 worker ants
  A worker ant zombie (D:5)
  Robin (D:2)
  9 adders
  An ooze (D:5)
  An adder zombie (D:5)
  An adder skeleton (D:6)
  5 worms
  A dart slug (D:2)
  3 leopard geckos
  10 orcs
  7 bats
  A bat zombie (D:7)
  8 giant cockroaches
  8 goblins
  12 hobgoblins
  19 jackals
  3 kobolds (D:2)
  A quokka (D:6)
  4 ball pythons
  9 frilled lizards
  A quokka zombie (D:5)
  7 rats
  A rat zombie (D:7)
147 creatures vanquished.

Notes
Turn   | Place    | Note
-------+----------+-------------------------------------------
     0 | D:1      | Nigilith the Demonspawn Fighter began the quest for the Orb.
     0 | D:1      | Reached XP level 1. HP: 18/18 MP: 1/1
   184 | D:1      | Gained mutation: You have sharp toenails. [demonic ancestry]
   184 | D:1      | Reached XP level 2. HP: 23/24 MP: 2/2
   271 | D:1      | Found a shattered altar of Ashenzari.
   919 | D:2      | Gained mutation: You have razor-sharp toenails. [demonic ancestry]
   919 | D:2      | Reached XP level 3. HP: 28/29 MP: 3/3
  1790 | D:2      | Found a snail-covered altar of Cheibriados.
  1967 | D:2      | Noticed Robin
  1982 | D:2      | Killed Robin
  1982 | D:2      | Gained mutation: You are partially covered in thin metallic scales. (AC +2) [demonic ancestry]
  1982 | D:2      | Reached XP level 4. HP: 24/35 MP: 4/4
  2004 | D:2      | Found a glowing golden altar of the Shining One.
  2426 | D:3      | Reached XP level 5. HP: 40/41 MP: 5/5
  2746 | D:4      | Noticed an ogre
  2762 | D:4      | Killed an ogre
  2762 | D:4      | Reached skill level 5 in Long Blades
  3067 | D:4      | Gained mutation: When hurt, damage is shared between your health and your magic reserves. [demonic ancestry]
  3067 | D:4      | Reached XP level 6. HP: 27/47 MP: 6/6
  3494 | D:4      | Noticed Edmund
  3502 | D:4      | Killed Edmund
  3502 | D:4      | Gained mutation: You are slightly more attuned to the shadows. [demonic ancestry]
  3502 | D:4      | Reached XP level 7. HP: 26/52 MP: 4/7
  4204 | D:4      | Found a radiant altar of Vehumet.
  4317 | D:5      | Entered Level 5 of the Dungeon
  4651 | D:5      | Reached skill level 1 in Short Blades
  4651 | D:5      | Reached skill level 1 in Stealth
  4884 | D:4      | Gained mutation: Scrolls take you a little longer to read. [potion of mutation]
  4884 | D:4      | Gained mutation: You have a pair of small horns on your head. [potion of mutation]
  5185 | D:5      | Reached XP level 8. HP: 43/58 MP: 6/8
  5586 | D:5      | Found an ornate altar of the Wu Jian Council.
  5653 | D:6      | Noticed Yehuk's ghost (novice VSAs)
  5675 | D:6      | Killed Yehuk's ghost
  5675 | D:6      | Reached skill level 5 in Short Blades
  5735 | D:6      | Found a sacrificial altar of Ru.
  5792 | D:6      | Found a staircase to the Ecumenical Temple.
  5805 | Temple   | Entered the Ecumenical Temple
  6898 | D:7      | Found an opulent altar of Gozag.
  7005 | D:7      | Reached XP level 9. HP: 54/63 MP: 5/9
  7011 | D:7      | Reached skill level 5 in Stealth
  7041 | D:7      | Found an ancient bone altar of Kikubaaqudgha.
  7199 | D:7      | Noticed an eight-headed hydra
  8247 | D:7      | HP: 3/63 [eight-headed hydra (10)]
  8247 | D:7      | Mangled by an eight-headed hydra

Vault maps used:
D:1:      minmay_arrival_semitransparent, serial_forest,
          infiniplex_forest_corner_2, infiniplex_forest_fountain,
          infiniplex_forest_zigzag_1, infiniplex_forest_lined_corner,
          infiniplex_forest_lined_room_2, infiniplex_forest_straight_3,
          infiniplex_forest_clump_double, infiniplex_forest_straight_4,
          infiniplex_forest_end_3, evilmike_ruin_ashenzari
D:2:      cheibriados_altar_1, nicolae_tso_swordbearing_angel, first_bread,
          lemuel_flame_loot_1, uniq_robin
D:4:      lemuel_round_altar, uniq_edmund
D:5:      lemuel_coloured_pillars_altar, kennysheep_nub
D:6:      nicolae_overflow_hidden_temple, minmay_temple_entry_butterflies
D:7:      lemuel_zombie_altar_kikubaaqudgha, grunt_dithmenos_smoke, basic_altar,
          kennysheep_generic_room_15
Temple:   cyrus_circular_temple

Skill      XL: |  1  2  3  4  5  6  7  8  9 |
---------------+----------------------------+-----
Long Blades    | 2 3 4 5 7 |  7.2
Short Blades   | 3 6 7 |  7.1
Stealth        | 2 4 5 |  5.2
Fighting       | |  3.0
Armour         | |  2.6
Shields        | |  2.6

Action                   |  1- 3 |  4- 6 |  7- 9 || total
-------------------------+-------+-------+-------++-------
Melee: Long sword        |   147 |   164 |     6 ||   317
       Kick              |    28 |    44 |    67 ||   139
       Short sword       |       |       |   295 ||   295
       Headbutt          |       |       |    34 ||    34
Evoke: Wand              |       |       |     8 ||     8
  Use: Potion            |       |     4 |     7 ||    11
       Scroll            |       |       |    10 ||    10
 Stab: Sleeping          |       |       |     6 ||     6
  Eat: Chunk             |     3 |     6 |    10 ||    19
       Meat ration       |       |       |     1 ||     1
Armor: Scale mail        |    69 |    76 |     2 ||   147
       Leather armour    |       |       |    85 ||    85
Dodge: Dodged            |    33 |    36 |   104 ||   173
Block: Shield            |    68 |    62 |     6 ||   136
       Buckler           |       |       |    37 ||    37
       Rpst.: Long sword |     6 |    10 |     1 ||    17
